 Dungeon Crawl Stone Soup version 0.30-a0-782-ge64f9170bb (webtiles) character file.

Game seed: 2777580935289888347

6198 Smoke131 the Arsonist (level 10, -10/86 HPs)
             Began as a Red Draconian Fire Elementalist on Feb 19, 2023.
             Was a Believer of Vehumet.
             Killed from afar by an acid dragon (18 damage)
             ... with a splash of acid
             ... on level 9 of the Dungeon.
             The game lasted 00:34:55 (7482 turns).

Smoke131 the Arsonist (DrFE)                        Turns: 7482, Time: 00:34:56

Health: -10/86     AC:  8    Str: 11    XL:     10   Next: 61%
Magic:  19/19      EV: 19    Int: 20    God:    Vehumet [**....]
Gold:   200        SH:  0    Dex: 11    Spells: 9/21 levels left

rFire   + . .      SeeInvis .    d - +0 hand axe
rCold   . . .      Faith    .    (no shield)
rNeg    . . .      Spirit   .    (body armour unavailable)
rPois   .          Reflect  .    (helmet restricted)
rElec   .          Harm     .    (no cloak)
rCorr   .          Rampage  .    u - +0 pair of gloves
Will    +....                    (no boots)
Stlth   ++                       a - amulet of magic regeneration
HPRegen 0.34/turn                h - +5 ring of evasion
MPRegen 0.56/turn                e - ring of willpower

@: lethally poisoned (-10 -> -19)
A: breathe fire, AC +7, unfitting armour, fire resistance 1, cold-blooded
a: Breathe Fire, Renounce Religion


You were on level 9 of the Dungeon.
You worshipped Vehumet.
Vehumet was pleased with you.
You visited 2 branches of the dungeon, and saw 10 of its levels.

You collected 334 gold pieces.
You spent 134 gold pieces at shops.

Inventory:

Hand Weapons
 d - a +0 hand axe (weapon)
 z - a +2 morningstar of holy wrath
Armour
 u - a +0 pair of gloves (worn)
Jewellery
 a - an amulet of magic regeneration (around neck)
 e - a ring of willpower (right hand)
 h - a +5 ring of evasion (left hand)
 r - an amulet of regeneration
 E - an amulet of faith
Wands
 c - a wand of iceblast (12)
 f - a wand of charming (11)
 o - a wand of digging (2)
 A - a wand of mindburst (3)
 B - a wand of acid (40)
Scrolls
 b - a scroll of enchant armour {unknown}
 i - 3 scrolls of silence
 l - a scroll of enchant weapon {unknown}
 n - 3 scrolls of teleportation
 w - a scroll of amnesia
 x - a scroll of immolation {unknown}
 y - 3 scrolls of magic mapping
Potions
 g - 4 potions of heal wounds
 j - a potion of haste
 k - 2 potions of berserk rage
 m - 7 potions of curing
 p - 2 potions of attraction
 q - 2 potions of flight
 s - a potion of magic
 t - 3 potions of brilliance
 v - a potion of might {unknown}
 C - 2 potions of mutation
 F - 2 potions of lignification


   Skills:
 + Level 7.0 Fighting
 + Level 6.0 Dodging
 - Level 1.7 Stealth
 + Level 6.2 Spellcasting
 + Level 6.4 Conjurations
 - Level 5.0 Translocations
 + Level 8.5 Fire Magic
 - Level 5.0 Air Magic


You had 9 spell levels left.
You knew the following spells:

 Your Spells              Type           Power      Damage    Failure   Level
a - Momentum Strike       Conj/Tloc      58%        3d9       1%          2
b - Foxfire               Conj/Fire      100%       2x1d9     1%          1
c - Scorch                Fire           80%        2d9       1%          2
d - Kindle Blastsparks    Fire/Tloc/Air  60%        2d15      2%          3
e - Flame Wave            Conj/Fire      36%        2d10      4%          4

Your spell library contained the following spells:

 Spells                   Type           Power      Damage    Failure   Level
 Inner Flame              Hex/Fire       23%        N/A       5%          3
 Ignite Poison            Fire/Tmut/Pois 17%        N/A       10%         3
 Passage of Golubria      Tloc           26%        N/A       13%         4
 Ensorcelled Hibernation  Hex/Ice        12%        N/A       16%         2
 Spider Form              Tmut/Pois      6%         N/A       30%         3
 Freezing Cloud           Conj/Ice/Air   10%        6-21      52%         5
 Anguish                  Hex/Necr       3%         N/A       71%         4
 Animate Dead             Necr           6%         N/A       71%         4
 Silence                  Hex/Air        8%         N/A       71%         5
 Haunt                    Necr/Summ      3%         N/A       100%        7
 Infestation              Necr           3%         N/A       100%        8
 Lehudib's Crystal Spear  Conj/Erth      9%         10d4      100%        8


Dungeon Overview and Level Annotations

Branches:
Dungeon (9/15)             Temple (1/1) D:5
   Lair: D:8-11         Orc: D:9-12

Altars:
Cheibriados
Dithmenos
Fedhas
Kikubaaqudgha
Makhleb
Nemelex Xobeh
Ru
Sif Muna
Trog
Uskayaw
Vehumet
Xom
Yredelemnul

Shops:
D:2 :   D:3 *   D:6 ?   D:9 !

Annotations:
D:9 Erica


Innate Abilities, Weirdness & Mutations

You can breathe blasts of fire.
Your fiery red scales are hard. (AC +7)
You cannot fit into any form of body armour.
Your flesh is heat resistant. (rF+)
You are cold-blooded and may be slowed by cold attacks.


Message History

Confirm with . or Enter, or press ? or * to list all spells.
You can't see any susceptible monsters within range! (Use Z to cast anyway.)
Casting: Foxfire (safe; 1% risk of failure)
Confirm with . or Enter, or press ? or * to list all spells.
You conjure some foxfire!
Casting: Foxfire (safe; 1% risk of failure)
Confirm with . or Enter, or press ? or * to list all spells.
You conjure some foxfire!
The foxfire hits something but does no damage.
The foxfire hits something!
Casting: Foxfire (safe; 1% risk of failure)
Confirm with . or Enter, or press ? or * to list all spells.
You conjure some foxfire!
The foxfire hits something. x2; Something hits you.
Something burns you. Something hits you! Something burns you.
Casting: Foxfire (safe; 1% risk of failure)
Confirm with . or Enter, or press ? or * to list all spells.
You conjure some foxfire!
Something hits you!
Your foxfire dissipates!
Something tries to affect you, but you resist.
Casting: Foxfire (safe; 1% risk of failure)
Confirm with . or Enter, or press ? or * to list all spells.
You conjure some foxfire!
The orc wizard casts a spell.
The orc wizard flickers and vanishes!
Your foxfire dissipates!
Something hits you. Something burns you.
An acid dragon comes into view.
The foxfire hits something but does no damage.
Something hits you! Something burns you.
You hear some strange, mumbled words.
A bolt of poison appears from out of thin air!
The bolt of poison hits you!!
You are poisoned.
* * * LOW HITPOINT WARNING * * *
* * * LOW HITPOINT WARNING * * *
You feel very sick. The acid dragon spits acid at you.
The splash of acid hits you!!
You die...

#.##...##.#.#
#####.##.#.##.#.#
.........#.§...#.##########
......)#####..###.........#
##..##.).#...#.#.########.#
#..####.#o####.## ##.##
##..# #...# ##.## ##.#.##
....#
##..###.(.######.###.###
##{##
#...o{..@...##.####≈≈≈##
#.#
#.####...##.##..##~≈≈≈≈#
#.# #.# ##.## #.#....∩≈≈#
... #.# #.# #.##.##.~~~≈≈#
... #.# #.# #.##.####≈≈≈##
..... #.. #D# #.##.# #####
..... ### #.###.##.# ..##..
#...#.##.# #.# #.#.##.#


You could see an acid dragon (catching breath) and an orc.

Vanquished Creatures
  Pikel (D:6)
  Joseph (D:9)
  Grinder (D:3)
  Prince Ribbit (D:6)
  Sigmund (D:5)
  6 yaks
  Eustachio (D:5)
  A steam dragon (D:7)
  Edmund (D:5)
  Duvessa (D:4)
  An orc warrior (D:9)
  2 sky beasts
  4 ice beasts
  A black bear (D:6)
  2 ogres
  A centaur (D:5)
  A wolf (D:9)
  2 phantoms
  2 kobold brigands
  5 scorpions
  2 necrophages
  3 bullfrogs
  Dowan (D:4)
  6 killer bees
  4 howler monkeys
  2 jellies
  3 hounds
  2 gnoll boudas
  4 orc priests
  6 iguanas
  9 orc wizards
  Ijyb (D:5)
  16 gnolls
  7 adders
  A shadow imp (D:6)
  A white imp (D:6)
  2 worms (D:2)
  27 orcs
  5 endoplasms
  6 giant cockroaches
  5 goblins
  3 hobgoblins (D:2)
  4 jackals (D:2)
  15 kobolds
  3 quokkas
  5 ball pythons
  8 bats
  A frilled lizard (D:2)
  2 rats (D:1)
190 creatures vanquished.

Vanquished Creatures (others)
  236 foxfires
  2 plants (D:5)
238 creatures vanquished.

Grand Total: 428 creatures vanquished

Notes
Turn   | Place    | Note
-------+----------+-------------------------------------------
     0 | D:1      | Smoke131 the Draconian Fire Elementalist began the quest
                  | for the Orb.
     0 | D:1      | Reached XP level 1. HP: 14/14 MP: 3/3
   456 | D:1      | Reached XP level 2. HP: 13/22 MP: 0/5
   508 | D:1      | Learned a level 2 spell: Scorch
   928 | D:2      | Reached skill level 1 in Fighting
  1036 | D:2      | Reached XP level 3. HP: 25/28 MP: 6/6
  1074 | D:2      | Found a faded altar of an unknown god.
  1075 | D:2      | Found Vyafunt's Book Boutique.
  1668 | D:3      | Learned a level 3 spell: Kindle Blastsparks
  1827 | D:3      | Reached XP level 4. HP: 36/36 MP: 1/7
  1908 | D:3      | Found Juorhoz's General Store.
  1930 | D:3      | Bought a scroll of identify for 22 gold pieces
  2059 | D:3      | Noticed Grinder
  2074 | D:3      | Paralysed by Grinder for 5 turns
  2084 | D:3      | Killed Grinder
  2085 | D:3      | Reached skill level 1 in Translocations
  2085 | D:3      | Reached skill level 1 in Air Magic
  2085 | D:3      | Reached XP level 5. HP: 21/42 MP: 3/9
  2085 | D:3      | Reached XP level 6. HP: 25/50 MP: 3/10
  2712 | D:4      | Noticed Duvessa
  2712 | D:4      | Noticed Dowan
  2831 | D:4      | Killed Duvessa
  2832 | D:4      | Reached skill level 4 in Fire Magic
  2861 | D:4      | Your scales start taking on a fiery red colour.
  2861 | D:4      | Reached skill level 5 in Fire Magic
  2861 | D:4      | Reached XP level 7. HP: 37/56 MP: 4/11
  2861 | D:4      | Gained mutation: Your flesh is heat resistant. (rF+) [Red
                  | Draconian growth]
  2939 | D:4      | Killed Dowan
  3457 | D:5      | Entered Level 5 of the Dungeon
  3588 | D:5      | Noticed Eustachio
  3634 | D:5      | Reached XP level 8. HP: 44/66 MP: 1/13
  3775 | D:5      | Found a staircase to the Ecumenical Temple.
  3790 | Temple   | Entered the Ecumenical Temple
  3811 | Temple   | Became a worshipper of Vehumet
  3869 | D:5      | Noticed Ijyb
  3874 | D:5      | Killed Ijyb
  3942 | D:5      | Reached skill level 6 in Fire Magic
  4079 | D:5      | Noticed Sigmund
  4096 | D:5      | Killed Sigmund
  4120 | D:5      | Noticed Edmund
  4130 | D:5      | Killed Edmund
  4184 | D:5      | Found a burning altar of Makhleb.
  4184 | D:5      | Found a bloodstained altar of Trog.
  4393 | D:5      | Killed Eustachio
  4510 | D:6      | Reached XP level 9. HP: 73/73 MP: 10/15
  4581 | D:6      | Noticed Pikel
  4592 | D:6      | Killed Pikel
  4593 | D:6      | Reached skill level 5 in Fighting
  4690 | D:6      | Found Reugub's Magic Scroll Emporium.
  4698 | D:6      | Bought a scroll of amnesia for 56 gold pieces
  4698 | D:6      | Bought a scroll of identify for 28 gold pieces
  4698 | D:6      | Bought a scroll of identify for 28 gold pieces
  4800 | D:6      | Noticed Prince Ribbit
  4805 | D:6      | Killed Prince Ribbit
  4806 | D:6      | Reached skill level 5 in Conjurations
  4806 | D:6      | Reached skill level 7 in Fire Magic
  4837 | D:6      | Reached skill level 5 in Spellcasting
  5080 | D:6      | Reached * piety under Vehumet
  5080 | D:6      | Offered knowledge of Sandblast by Vehumet.
  5191 | D:7      | Reached skill level 5 in Dodging
  5538 | D:7      | Reached skill level 5 in Air Magic
  5737 | D:7      | Reached skill level 5 in Translocations
  5737 | D:7      | Reached XP level 10. HP: 83/83 MP: 12/18
  5846 | D:7      | Reached ** piety under Vehumet
  5850 | D:7      | Offered knowledge of Momentum Strike by Vehumet.
  5854 | D:7      | Learned a level 2 spell: Momentum Strike
  5859 | D:7      | Learned a level 4 spell: Flame Wave
  6538 | D:8      | Reached skill level 8 in Fire Magic
  7171 | D:9      | Noticed Joseph
  7180 | D:9      | Killed Joseph
  7246 | D:9      | Found Toitan's Distillery.
  7442 | D:9      | Noticed Erica
  7482 | D:9      | Killed from afar by an acid dragon

Illustrated notes

Levels and vault maps discovered:
D:1:      amcnicky_arrival_single_pillar, layout_basic
D:2:      layout_rooms, hellmonk_ecumenical_altar_run_dry, serial_shops, shop,
          chequers_serial_rivers_large_a, minmay_misc_feat_x
D:3:      layout_loops_ring, serial_shops, nicolae_square_shop, uniq_grinder
D:4:      layout_rooms, uniq_duvessa
D:5:      layout_cave_pools, nicolae_overflow_two_pavilions,
          minmay_temple_entry_antechambers, sigmund_edmund_badplayer, uniq_ijyb,
          uniq_eustachio
D:6:      layout_cave_pools, serial_shops, nicolae_shop_crystal,
          bh_walls_and_bars, uniq_pikel, uniq_prince_ribbit1
D:7:      layout_cave_pools
D:8:      layout_basic, chequers_avenue
D:9:      layout_loops_ring, hellmonk_lair_entry_icy, erik_orc_1, serial_shops,
          nicolae_shop_trees, kennysheep_mini_moat, nicolae_shop_waterfront,
          uniq_joseph, uniq_erica, uniq_maurice
Temple:   nicolae_temple_bog_church

Skill      XL: |  1  2  3  4  5  6  7  8  9 10 |
---------------+-------------------------------+-----
Dodging        | 2 3 4 5 6 |  6.0
Fighting       | 1 2 3 4 6 7 |  7.0
Conjurations   | 2 3 4 5 6 |  6.4
Translocations | 1 2 3 5 |  5.0
Air Magic      | 1 2 3 5 |  5.0
Spellcasting   | 3 4 5 6 |  6.2
Fire Magic     | 5 6 7 8 |  8.5
Stealth        | |  1.7

Action                     |  1- 3 |  4- 6 |  7- 9 | 10-12 || total
---------------------------+-------+-------+-------+-------++-------
  Melee: Whip              |    13 |       |       |       ||    13
         Hand axe          |    56 |    14 |    74 |    19 ||   163
         Tailslap          |     3 |     4 |     6 |       ||    13
         Punch             |     2 |     1 |       |       ||     3
   Cast: Foxfire           |    31 |    17 |    80 |    21 ||   149
         Scorch            |     5 |    18 |   139 |    90 ||   252
         Kindle Blastspark |       |       |     7 |     3 ||    10
         Momentum Strike   |       |       |       |     6 ||     6
    Use: Potion            |       |     1 |       |     1 ||     2
         Scroll            |       |     3 |    14 |     3 ||    20
   Stab: Sleeping          |     2 |     1 |     1 |       ||     4
 Armour: Skin              |    34 |       |    49 |    21 ||   104
  Dodge: Dodged            |    69 |    29 |   179 |    89 ||   366

Table legend: (Time is in decaauts)
 A = Elapsed time spent in this place.
 B = Non-inter-level travel time spent in this place.
 C = Inter-level travel time spent in this place.
 D = Time resting spent in this place.
 E = Time spent auto-exploring this place.
 F = Levels seen in this place.
 G = Mean time per level.
                   A        B        C        D        E       F      G
               +--------+--------+--------+--------+--------+-----+--------+
         Total |   7553 |   7323 |    230 |   1015 |   4449 |  10 |  755.3 |
       Dungeon |   7508 |   7278 |    230 |   1015 |   4440 |   9 |  834.2 |
        Temple |     45 |     45 |      0 |      0 |      8 |   1 |   45.0 |
               +--------+--------+--------+--------+--------+-----+--------+

Top non-repeatable levels by time:
     D:6: 1004 daAuts
     D:3: 980 daAuts
     D:2: 948 daAuts
     D:5: 903 daAuts
     D:8: 859 daAuts
     D:7: 858 daAuts
     D:1: 816 daAuts
     D:4: 810 daAuts
     D:9: 326 daAuts
  Temple: 45 daAuts
